 Dungeon Crawl Stone Soup version 0.29.0-13-gc9e81de378 (webtiles) character file.

Game seed: 13071957532133300397

998 LustLizard the Ruffian (level 8, -3/72 (79) HPs)
             Began as a Troll Fighter on Sept 9, 2022.
             Was an Initiate of Wu Jian.
             Killed from afar by an orc wizard (7 damage)
             ... with a puff of flame
             ... on level 5 of the Dungeon.
             The game lasted 00:06:57 (3501 turns).

LustLizard the Ruffian (Troll Fighter)              Turns: 3501, Time: 00:06:58

HP:   -3/72 (79)    AC:  4    Str: 25    XL:     8   Next: 0%
MP:   7/7           EV:  8    Int:  6    God:    Wu Jian [......]
Gold: 263           SH:  0    Dex:  9    Spells: 7/7 levels left

rFire   . . .      SeeInvis .     - Unarmed
rCold   + . .      Faith    .   b - +0 kite shield
rNeg    . . .      Spirit   .   a - +0 robe
rPois   .          Reflect  .   (helmet restricted)
rElec   .          Harm     .   (no cloak)
rCorr   .          Rampage  .   (gloves unavailable)
Will    .....                   (boots unavailable)
Stlth   +.........              n - amulet of magic regeneration
HPRegen 1.02/turn               k - ring of protection from cold
MPRegen 0.50/turn               (no ring)

@: confused, brilliant, lethally poisoned (-3 -> -4), ambrosia-drunk, drained
A: large, unfitting armour, claws 3, regeneration 1, shaggy fur 1, tough skin 1
a: Renounce Religion


You were on level 5 of the Dungeon.
You worshipped Wu Jian.
Wu Jian was noncommittal.
You visited 1 branch of the dungeon, and saw 5 of its levels.

You collected 263 gold pieces.

Inventory:

Missiles
 f - 38 stones (quivered)
 q - 18 poisoned darts
 u - 3 boomerangs
 y - a throwing net
Armour
 a - a +0 robe (worn)
 b - a +0 kite shield (worn)
Jewellery
 j - a ring of magical power
 k - a ring of protection from cold (left claw)
 n - an amulet of magic regeneration (around neck)
 p - a ring of resist corrosion
 s - an amulet of guardian spirit
Wands
 c - a wand of flame (26)
Scrolls
 d - a scroll of immolation {unknown}
 e - a scroll of acquirement {unknown}
 h - a scroll of teleportation
 t - a scroll of amnesia {unknown}
 v - a scroll of fear {unknown}
 x - a scroll of poison {unknown}
Potions
 g - 2 potions of degeneration
 i - 2 potions of attraction
 l - 2 potions of haste
 m - a potion of magic
 o - a potion of cancellation
 r - a potion of ambrosia


   Skills:
 + Level 4.5 Fighting
 - Level 2.4 Dodging
 + Level 4.9 Shields
 * Level 6.8 Unarmed Combat


You had 7 spell levels left.
You didn't know any spells.
Your spell library was empty.

Dungeon Overview and Level Annotations

Branches:
Dungeon (5/15)
 Temple: D:4-7

Altars:
Gozag
Sif Muna
Vehumet
Wu Jian

Shops:
D:3 *   D:4 ((


Innate Abilities, Weirdness & Mutations

You are too large for most types of armour.
You have claws for hands.
Your natural rate of healing is unusually fast.
You are covered in fur. (AC +1)
You have tough skin. (AC +1)


Message History

The necrophage hits you.
* * * LOW HITPOINT WARNING * * *
The orc wizard casts a spell at you.
You are confused.
* * * LOW HITPOINT WARNING * * *
You feel very sick. The orc wizard casts a spell at you.
The puff of flame hits you.
* * * LOW HITPOINT WARNING * * *
Unknown command.
It was a potion of magic.
Magic courses through your body.
* * * LOW HITPOINT WARNING * * *
You feel very sick. The necrophage hits you.
* * * LOW HITPOINT WARNING * * *
The orc wizard completely misses you.
Unknown command.
It was a potion of ambrosia.
You are more confused.
You feel invigorated.
* * * LOW HITPOINT WARNING * * *
You feel very sick. The necrophage misses you.
The orc wizard points at you and mumbles some strange words.
The magic dart hits you.
* * * LOW HITPOINT WARNING * * *
It was a potion of brilliance.
You feel clever all of a sudden.
You feel sick. The necrophage closely misses you.
The orc wizard closely misses you.
Okay, then.
You claw the orc wizard!
The orc wizard is severely wounded.
You feel sick. The necrophage hits you.
* * * LOW HITPOINT WARNING * * *
You feel drained.
* * * LOW HITPOINT WARNING * * *
The orc wizard gestures at you while chanting.
The puff of flame hits you!
You die...

#~~~~...._).# .. ####
#~~~~....♣..#.. .##....
#~~~........#.. .......
#~~~........#.##.......
#~........).#.#........
##########)##..........
#....#.#...........
####......#..o).......
##...........@n........
#...#..#....#.)#..##...
##..#..##..##.###..# .
##.÷#.#..###.. ..#
#..#.##.# ##<# ....
##.#.##.. .. #!..
....##.. ### #..#
#....#.## #.. #.##. .#


You could see a necrophage and an orc wizard.

Vanquished Creatures
  Sigmund (D:2)
  Menkaure (D:4)
  A black bear (D:5)
  A gnoll sergeant (D:5)
  A scorpion (D:4)
  A hound (D:5)
  A jelly (D:3)
  A gnoll bouda (D:4)
  2 orc priests (D:4)
  2 iguanas (D:5)
  Terence (D:2)
  11 gnolls
  6 adders
  4 dart slugs
  A worm (D:3)
  14 orcs
  4 bats
  9 endoplasms
  A giant cockroach (D:2)
  7 hobgoblins
  7 jackals
  11 kobolds
  7 quokkas
  7 ball pythons
  7 goblins
  6 rats
115 creatures vanquished.

Notes
Turn   | Place    | Note
-------+----------+-------------------------------------------
     0 | D:1      | LustLizard the Troll Fighter began the quest for the Orb.
     0 | D:1      | Reached XP level 1. HP: 22/22 MP: 0/0
    59 | D:1      | Reached XP level 2. HP: 28/29 MP: 1/1
   376 | D:1      | Reached XP level 3. HP: 33/36 MP: 2/2
   648 | D:1      | Reached skill level 3 in Unarmed Combat
   869 | D:2      | Found a faded altar of an unknown god.
  1050 | D:2      | Noticed Sigmund
  1101 | D:2      | Killed Sigmund
  1102 | D:2      | Reached skill level 4 in Unarmed Combat
  1102 | D:2      | Reached XP level 4. HP: 36/45 MP: 3/3
  1102 | D:2      | Reached XP level 5. HP: 42/53 MP: 4/4
  1158 | D:2      | Found a radiant altar of Vehumet.
  1288 | D:2      | Noticed Terence
  1299 | D:2      | Killed Terence
  1959 | D:3      | Reached XP level 6. HP: 50/61 MP: 5/5
  2127 | D:3      | Found a shimmering blue altar of Sif Muna.
  2146 | D:3      | Found Ralull's General Store.
  2530 | D:4      | Reached skill level 5 in Unarmed Combat
  2565 | D:4      | Found Pesuhuox's Antique Weapon Shop.
  2567 | D:4      | Found Cephih's Antique Weapon Shop.
  2736 | D:4      | Noticed Menkaure
  2742 | D:4      | Killed Menkaure
  2743 | D:4      | Reached XP level 7. HP: 70/70 MP: 6/6
  2757 | D:4      | Found an opulent altar of Gozag.
  2792 | D:4      | Reached skill level 6 in Unarmed Combat
  3116 | D:4      | Found a radiant altar of Vehumet.
  3188 | D:5      | Entered Level 5 of the Dungeon
  3246 | D:5      | Found an ornate altar of the Wu Jian Council.
  3272 | D:5      | Became a worshipper of the Wu Jian Council
  3496 | D:5      | Reached XP level 8. HP: 18/74 MP: 7/7
  3498 | D:5      | HP: 1/74 [necrophage (3)]
  3501 | D:5      | Killed from afar by an orc wizard

Illustrated notes

Levels and vault maps discovered:
D:1:      tarquinn_simple_flora_water_b, layout_basic
D:2:      layout_basic, ebering_ecumenical_altar_mist, basic_altar,
          st_stairs_10, minmay_misc_feat_four_crosses, minivault_27,
          uniq_sigmund, uniq_terence
D:3:      layout_loops_ring, general_overflow_altar, serial_shops,
          nicolae_shop_crystal, kennysheep_generic_room_5
D:4:      layout_rooms, grunt_gozag_statues, vehumet_altar_wand_db,
          nicolae_wooded_promenade, nicolae_concentric_dashed_squares_wild,
          uniq_menkaure
D:5:      layout_cave_pools, nzn_wu_jian_contemplation, grunt_dithmenos_smoke,
          hangedman_decor_lopped, grunt_ministairs_5

Skill      XL: |  1  2  3  4  5  6  7 |
---------------+----------------------+-----
Shields        | 3 4 |  4.9
Unarmed Combat | 4 5 6 |  6.8
Fighting       | 3 4 |  4.5
Dodging        | |  2.4

Action                   |  1- 3 |  4- 6 |  7- 9 || total
-------------------------+-------+-------+-------++-------
Melee: Unarmed           |    93 |   135 |   106 ||   334
Invok: Lunge             |       |       |    11 ||    11
  Use: Potion            |     1 |       |     4 ||     5
       Scroll            |       |     4 |     2 ||     6
 Stab: Sleeping          |       |     1 |       ||     1
Armor: Robe              |    36 |    23 |    25 ||    84
Dodge: Dodged            |    26 |    41 |    34 ||   101
Block: Kite shield       |    25 |    32 |    37 ||    94
